 Dungeon Crawl Stone Soup version 0.31-a0-339-gda1cbd555d (webtiles) character file.

Game seed: 2222926754099183628

8215 arthad the Basher (level 11, -12/113 HPs)
             Began as a Troll Fighter on July 20, 2023.
             Was a Believer of Qazlal.
             Shot with an arrow by a deep elf archer (32 damage)
             ... on level 9 of the Dungeon.
             The game lasted 00:15:08 (6332 turns).

arthad the Basher (Troll Fighter)                   Turns: 6332, Time: 00:15:09

Health: -12/113    AC: 10    Str: 30    XL:     11   Next: 7%
Magic:  13/13      EV: 10    Int:  4    God:    Qazlal [**....]
Gold:   630        SH:  2    Dex:  9    Spells: 10/10 levels left

rFire   + . .        i - +5 giant spiked club (spect)
rCold   . . .        (shield currently unavailable)
rNeg    . . .        L - +0 swamp dragon scales
rPois   +            (helmet restricted)
rElec   .            (no cloak)
rCorr   .            (gloves unavailable)
SInv    .            (boots unavailable)
Will    .....        F - amulet of regeneration Stlth
                     f - ring of protection from fire
HPRegen 1.98/turn    T - +4 ring of slaying
MPRegen 0.13/turn

%: no passive effects
@: no status effects
A: large, unfitting armour, claws 3, regeneration 1, shaggy fur 1, tough skin 1
a: Renounce Religion, Upheaval


You were on level 9 of the Dungeon.
You worshipped Qazlal.
Qazlal was pleased with you.
You visited 2 branches of the dungeon, and saw 12 of its levels.
You also visited: Sewer.

You collected 630 gold pieces.

Inventory:

Hand Weapons
 a - a +0 flail
 i - a +5 spectral giant spiked club (weapon)
 D - a +2 sling of electrocution
 K - a +0 morningstar of draining
 Q - a +0 giant spiked club
 W - a +3 flail of freezing
Missiles
 o - 6 atropa-tipped darts
 B - 5 poisoned darts
Armour
 b - a +0 robe
 c - a +0 kite shield
 d - a +0 tower shield
 w - the +3 robe of the Kitsune {Int+3}
   (You found it on level 4 of the Dungeon)

   Int:       It affects your intelligence (+3).
 L - +0 swamp dragon scales (worn)
 R - the +2 chain mail "Luuve" {rF++}
   (You found it on level 10 of the Dungeon)

   rF:        It greatly protects you from fire.
Magical Staves
 t - a staff of death
 O - a staff of air
Jewellery
 f - a ring of protection from fire (left claw)
 F - an amulet of regeneration (around neck)
 H - a ring of flight
 T - a +4 ring of slaying (right claw)
Talismans
 v - a serpent talisman
 G - a maw talisman
 M - a serpent talisman
Wands
 s - a wand of flame (21)
 U - a wand of light (5)
 V - a wand of digging (3)
Scrolls
 e - 3 scrolls of blinking
 g - 2 scrolls of noise
 k - 3 scrolls of teleportation
 n - a scroll of torment
 r - a scroll of fog
 u - 2 scrolls of poison
 y - a scroll of immolation {unknown}
 A - a scroll of fear {unknown}
 E - 4 scrolls of identify
 I - 2 scrolls of silence {unknown}
 J - a scroll of butterflies {unknown}
 N - 2 scrolls of revelation {unknown}
Potions
 h - 4 potions of enlightenment
 j - 5 potions of curing
 l - a potion of brilliance
 m - 4 potions of attraction
 p - a potion of resistance {unknown}
 q - a potion of cancellation {unknown}
 x - 4 potions of mutation {unknown}
 z - a potion of berserk rage
 C - a potion of invisibility {unknown}
 P - 2 potions of might
 S - a potion of heal wounds {unknown}


   Skills:
 * Level 8.3 Fighting
 * Level 8.9 Maces & Flails
 + Level 4.7 Armour
 + Level 6.2 Dodging
 - Level 3.9 Shields
 + Level 4.7 Invocations


You had 10 spell levels left.
You didn't know any spells.
Your spell library contained the following spells:

 Spells                   Type           Power      Damage    Failure   Level
 Foxfire                  Conj/Fire      0%         2x1d4     63%         1
 Magic Dart               Conj           0%         1d3       63%         1
 Sting                    Tmut/Pois      0%         1d3       63%         1
 Ensorcelled Hibernation  Hex/Ice        0%         N/A       77%         2
 Lesser Beckoning         Tloc           0%         N/A       77%         2
 Passwall                 Tmut/Erth      0%         N/A       77%         2
 Poisonous Vapours        Pois/Air       0%         N/A       77%         2
 Sublimation of Blood     Necr           0%         N/A       77%         2
 Wereblood                Tmut           0%         N/A       77%         2
 Gell's Gravitas          Tloc           0%         N/A       94%         3
 Swiftness                Air            0%         N/A       94%         3
 Teleport Other           Tloc           0%         N/A       94%         3
 Vhi's Electric Charge    Tloc/Air       0%         N/A       94%         3
 Flame Wave               Conj/Fire      0%         2d4       100%        4
 Olgreb's Toxic Radiance  Pois           0%         N/A       100%        4
 Arcjolt                  Conj/Air       0%         1d10      100%        5
 Leda's Unmaking          Conj/Erth      0%         9d1       100%        6
 Plasma Beam              Fire/Air       0%         2x1d10    100%        6
 Starburst                Conj/Fire      0%         6d3       100%        6
 Malign Gateway           Summ/Tloc      0%         N/A       100%        7
 Summon Hydra             Summ           0%         N/A       100%        7
 Maxwell's Capacitive Co  Air            0%         ∞         100%        8
 Summon Horrible Things   Summ           0%         N/A       100%        8


Dungeon Overview and Level Annotations

Branches:
Dungeon (11/15)            Temple (1/1) D:5            Lair (0/5) D:8
  Sewer (visited)
    Orc: D:9-12

Altars:
Ashenzari
Cheibriados
Dithmenos
Elyvilon
Fedhas
Gozag
Hepliaklqana
Kikubaaqudgha
Makhleb
Nemelex Xobeh
Okawaru
Qazlal
Ru
Sif Muna
Trog
Uskayaw
Vehumet
Wu Jian
Xom
Yredelemnul
Zin
The Shining One

Shops:
D:6 ?


Innate Abilities, Weirdness & Mutations

You are too large for most types of armour.
You have claws for hands.
Your natural rate of healing is unusually fast.
You are covered in fur. (AC +1)
You have tough skin. (AC +1)


Message History

+0 steam dragon scales; a steam dragon corpse You miss something.
Your +5 spectral giant spiked club hits something!
Something hits you but does no damage.
The deep elf archer is engulfed in blazing flames.
The deep elf archer shoots an arrow.
The arrow closely misses you. Something hits you but does no damage.
You impale something!! Qazlal accepts your kill.
Reactivating autopickup.
You feel a bit more experienced.
Your +5 spectral giant spiked club disappears.
The deep elf archer is engulfed in blazing flames.
The deep elf archer shoots an arrow.
The arrow hits you!
The deep elf archer is engulfed in blazing flames.
The deep elf archer shoots an arrow.
The arrow hits you! The orc priest closely misses you.
The deep elf archer is engulfed in blazing flames.
The deep elf archer casts a spell.
The deep elf archer blinks!
Things that are here:
a +0 dagger; a +0 robe; 27 gold pieces You closely miss the orc priest.
Your +5 spectral giant spiked club barely misses the orc priest.
The orc priest closely misses you.
You sock the orc priest!
The orc priest is heavily wounded.
Your +5 spectral giant spiked club hits the orc priest!
You kill the orc priest!
Qazlal accepts your kill.
The deep elf archer shoots an arrow.
The arrow hits you!!
* * * LOW HITPOINT WARNING * * *
The wyvern is engulfed in blazing flames.
You feel better.
Your +5 spectral giant spiked club disappears.
The wyvern is engulfed in blazing flames.
The wyvern bites you!
* * * LOW HITPOINT WARNING * * *
The deep elf archer shoots an arrow.
The arrow hits you!!
You die...

..# ##.## #.. ..# ### ♣♣♣♣...♣♣♣♣
### #.. ..#♣♣.♣♣ ♣.♣.♣.~~~.♣.♣.♣
♣♣.♣♣#.( ..#≈≈~P♣ ......~~~......
♣.♣.♣#.. ..#♣♣P~♣# ♣.~†~.♣
#♣.♣.♣#.. ..# ♣♣♣~# ♣♣...♣♣
#.♣♣♣.#.. ..# ♣P~♣#
##)########.♣.♣.#.. [.#♣♣~P♣
#.§§#§....#.♣.♣.#..
..#♣~♣♣♣♣♣♣♣♣.♣☼@l§§...♣♣.♣.♣.#..
..).~.~..♣♣...'<8§§§♣.♣....≈..)..
..#~≈~.~♣♣♣♣♣.♣...♣♣...♣♣.♣.♣.#).
..#♣~♣♣~# ...#e..#.....#.♣.♣.#..
..#♣♣♣♣~# ### ##'########.♣.♣.#..
..# ♣♣♣~# ♣.♣ #.♣♣♣.#.. ..#♣♣P~♣#
♣.♣ #♣.♣.♣#.. ..#≈≈~P♣ ...
♣.♣.♣#.. ..#♣♣.♣♣ ♣. ♣♣.♣♣#..


You could see a deep elf archer (repels missiles) and a wyvern.

Vanquished Creatures
  3 two-headed ogres
  A wizard (D:9)
  Maggie (D:6)
  A hornet (D:8)
  4 yaks (D:9)
  2 shadows
  A vampire (D:9)
  7 steam dragons
  4 water moccasins
  An ice beast (D:6)
  Duvessa (D:4)
  2 orc warriors (D:8)
  2 black bears
  A sky beast (D:7)
  An ogre (D:6)
  A centaur (D:8)
  2 phantoms (D:3)
  3 bullfrogs
  A gnoll sergeant (D:9)
  2 kobold brigands
  3 scorpions
  4 wights (D:9)
  Dowan (D:4)
  8 killer bees (D:9)
  4 howler monkeys
  An electric eel (D:9)
  7 jellies
  A hound (D:5)
  A gnoll bouda (D:7)
  2 orc priests
  5 sleepcaps
  3 iguanas
  5 orc wizards
  3 gnolls (D:7)
  4 adders
  A river rat (D:5)
  3 dart slugs
  22 orcs
  13 bats
  6 endoplasms
  4 giant cockroaches
  7 goblins
  A hobgoblin (D:1)
  2 jackals (D:1)
  4 quokkas
  8 ball pythons
  15 kobolds
  5 rats
  A spectral goblin (D:3)
185 creatures vanquished.

Vanquished Creatures (others)
  2 spectral weapons (D:9)
2 creatures vanquished.

Grand Total: 187 creatures vanquished

Notes
Turn   | Place    | Note
-------+----------+-------------------------------------------
     0 | D:1      | arthad the Troll Fighter began the quest for the Orb.
     0 | D:1      | Reached XP level 1. HP: 22/22 MP: 0/0
   265 | D:1      | Reached XP level 2. HP: 29/29 MP: 1/1
  1044 | D:2      | Reached XP level 3. HP: 36/36 MP: 2/2
  1778 | D:3      | Reached XP level 4. HP: 36/45 MP: 3/3
  1861 | D:3      | Got the Lessons on Percussion
  1940 | D:3      | Found a blossoming altar of Fedhas.
  1979 | D:3      | Noticed a phantom
  1990 | D:3      | Killed a phantom
  1991 | D:3      | Reached XP level 5. HP: 46/53 MP: 4/4
  2063 | D:3      | Found a sacrificial altar of Ru.
  2143 | D:3      | Found a faded altar of an unknown god.
  2303 | D:4      | Noticed a phantom
  2318 | D:3      | Killed a phantom
  2319 | D:3      | Reached XP level 6. HP: 53/62 MP: 5/5
  2643 | D:4      | Identified the +3 robe of the Kitsune {Int+3}
  2755 | D:4      | Noticed Duvessa
  2755 | D:4      | Noticed Dowan
  2771 | D:4      | Killed Duvessa
  2772 | D:4      | Reached XP level 7. HP: 49/71 MP: 6/6
  2785 | D:4      | Killed Dowan
  3008 | D:5      | Entered Level 5 of the Dungeon
  3026 | D:5      | Identified a scroll of acquirement
  3033 | D:5      | Acquired a +3 spectral giant spiked club
  3076 | D:5      | Found a glowing drain.
  3097 | Sewer    | Entered a sewer
  3155 | Sewer    | Reached skill level 5 in Fighting
  3155 | Sewer    | Reached skill level 5 in Maces & Flails
  3155 | Sewer    | Reached skill level 1 in Armour
  3270 | D:5      | Reached XP level 8. HP: 62/80 MP: 7/7
  3525 | D:5      | Found a staircase to the Ecumenical Temple.
  3536 | Temple   | Entered the Ecumenical Temple
  3545 | Temple   | Became a worshipper of Qazlal Stormbringer
  3799 | D:6      | Found Ishranow's Magic Scroll Boutique.
  3925 | D:6      | Noticed Maggie
  3931 | D:6      | Killed Maggie
  3932 | D:6      | Reached skill level 1 in Invocations
  3995 | D:6      | Found a sparkling altar of Nemelex Xobeh.
  3998 | D:6      | Found a snail-covered altar of Cheibriados.
  4014 | D:6      | Found an iron altar of Okawaru.
  4021 | D:6      | Found a bloodstained altar of Trog.
  4022 | D:6      | Found a burning altar of Makhleb.
  4141 | D:7      | Reached XP level 9. HP: 89/89 MP: 9/9
  4879 | D:8      | Found a staircase to the Lair.
  4944 | D:8      | Reached * piety under Qazlal
  5021 | D:8      | You are sucked into a shaft and drop 3 floors!
  5069 | D:11     | Reached skill level 5 in Dodging
  5225 | D:11     | Noticed a two-headed ogre
  5232 | D:11     | Killed a two-headed ogre
  5276 | D:10     | Entered Level 10 of the Dungeon
  5308 | D:10     | Identified the +2 chain mail "Luuve" {rF++}
  5394 | D:8      | Paralysed by a hornet for 3 turns
  5408 | D:8      | Reached XP level 10. HP: 40/102 MP: 11/11
  5684 | D:9      | Noticed a two-headed ogre
  5689 | D:9      | Killed a two-headed ogre
  5741 | D:9      | Noticed a two-headed ogre
  5747 | D:9      | Killed a two-headed ogre
  6153 | D:9      | Reached ** piety under Qazlal
  6318 | D:9      | Noticed a wizard
  6318 | D:9      | Noticed a deep elf archer
  6326 | D:9      | Reached XP level 11. HP: 51/111 MP: 13/13
  6328 | D:9      | Killed a wizard
  6332 | D:9      | Shot with an arrow by a deep elf archer

Illustrated notes

Levels and vault maps discovered:
D:1:      enne_arrival_octagon_isle, layout_basic
D:2:      layout_basic, grunt_ministairs_6, minmay_tetromino_o2
D:3:      layout_basic, mainiacjoe_overflow_boulevard,
          mainiacjoe_overflow_catwalk, dreamdust_ecumenical_altar_drowned_temple
D:4:      layout_rooms, uniq_duvessa
D:5:      layout_cave_pools, minmay_temple_entry_slanted, portal_sewer_entry_c
D:6:      layout_rooms, minitemple, serial_shops, shop, uniq_maggie
D:7:      nicolae_BIG_FREAKIN_CUBE, layout_loops_ring
D:8:      minmay_octagon_keep, layout_basic, dpeg_oklobed_lair,
          grunt_decor_junction
D:9:      nzn_winding_woodlands_stair_cross
          [nzn_winding_woodlands_5x15_lazy_stream,
          nzn_winding_woodlands_center_triple_pond,
          nzn_winding_woodlands_5x15_split_checker,
          nzn_winding_woodlands_5x5_three, nzn_winding_woodlands_hourglass,
          nzn_winding_woodlands_5x15_pool, nzn_winding_woodlands_center_lodge,
          nzn_winding_woodlands_5x15_eye], layout_basic
D:10:     layout_cave_pools, minmay_fire_ice_demons
D:11:     layout_basic, orc_0_dummy, serial_curves, eino_curves_03,
          eino_curves_04, serial_shops, nicolae_shop_pleasant_corner_grove,
          chequers_serial_rivers_micro_e, disabler_island
Temple:   minmay_freezing_vapour_temple

Skill      XL: |  1  2  3  4  5  6  7  8  9 10 |
---------------+-------------------------------+-----
Maces & Flails | 2 3 4 5 6 7 8 |  8.9
Fighting       | 3 4 5 6 7 8 |  8.3
Shields        | 3 |  3.9
Dodging        | 3 4 5 6 |  6.2
Armour         | 1 2 3 4 |  4.7
Invocations    | 2 3 4 |  4.7

Action                     |  1- 3 |  4- 6 |  7- 9 | 10-12 || total
---------------------------+-------+-------+-------+-------++-------
  Melee: Flail             |    73 |   174 |    25 |       ||   272
         Giant spiked club |       |       |   131 |   105 ||   236
  Throw: Dart              |       |     1 |       |       ||     1
  Evoke: Wand              |       |       |       |     2 ||     2
    Use: Potion            |       |     2 |       |     1 ||     3
         Scroll            |       |     1 |    12 |     1 ||    14
   Stab: Sleeping          |     1 |       |       |       ||     1
 Armour: Robe              |    17 |    65 |    69 |       ||   151
         Swamp dragon scal |       |       |    24 |    55 ||    79
  Dodge: Dodged            |    21 |    55 |   110 |    68 ||   254
  Block: Kite shield       |    28 |    45 |    13 |       ||    86
         Other             |       |       |     2 |    11 ||    13

Table legend: (Time is in decaauts)
 A = Elapsed time spent in this place.
 B = Non-inter-level travel time spent in this place.
 C = Inter-level travel time spent in this place.
 D = Time resting spent in this place.
 E = Time spent auto-exploring this place.
 F = Levels seen in this place.
 G = Mean time per level.
                   A        B        C        D        E       F      G
               +--------+--------+--------+--------+--------+-----+--------+
         Total |   6533 |   6277 |    256 |     74 |   4689 |  13 |  502.5 |
       Dungeon |   6392 |   6144 |    248 |     74 |   4639 |  11 |  581.1 |
        Temple |     14 |      6 |      8 |      0 |      0 |   1 |   14.0 |
         Sewer |    126 |    126 |      0 |      0 |     50 |   1 |  126.0 |
               +--------+--------+--------+--------+--------+-----+--------+

Top non-repeatable levels by time:
     D:1: 912 daAuts
     D:2: 856 daAuts
     D:8: 729 daAuts
     D:4: 691 daAuts
     D:9: 686 daAuts
     D:3: 643 daAuts
     D:7: 570 daAuts
     D:5: 540 daAuts
     D:6: 446 daAuts
    D:11: 261 daAuts
   Sewer: 126 daAuts
    D:10: 53 daAuts
  Temple: 14 daAuts
